 Dungeon Crawl Stone Soup version 0.31.0-32-g396128a36d (webtiles) character file.

Game seed: 16956218434927297779

154 Peloso the Covered (level 5, 0/47 HPs)
             Began as a Minotaur Fighter on Apr 24, 2024.
             Slain by an orc wizard
             ... wielding a +0 dagger
              (3 damage)
             ... on level 3 of the Dungeon.
             The game lasted 00:06:29 (2747 turns).

Peloso the Covered (Minotaur Fighter)               Turns: 2747, Time: 00:06:29

Health: 0/47       AC:  7    Str: 20    XL:     5   Next: 13%
Magic:  4/4        EV:  9    Int:  5    God:
Gold:   122        SH:  5    Dex: 12    Spells: 4/4 levels left

rFire   . . .        a - +0 long sword
rCold   . . .        c - +0 buckler
rNeg    . . .        b - +0 scale mail
rPois   .            (helmet restricted)
rElec   .            (no cloak)
rCorr   .            (no gloves)
SInv    .            (no boots)
Will    .....        (no amulet) Stlth
                     (no ring)
HPRegen 0.27/turn    (no ring)
MPRegen 0.09/turn

%: no passive effects
@: no status effects
A: horns 2, retaliatory headbutt
a: no special abilities


You were on level 3 of the Dungeon.
You visited 1 branch of the dungeon, and saw 4 of its levels.

You collected 122 gold pieces.

Inventory:

Hand Weapons
 a - a +0 long sword (weapon)
Armour
 b - a +0 scale mail (worn)
 c - a +0 buckler (worn)
Jewellery
 l - an amulet of the acrobat
Scrolls
 h - a scroll of fear
 k - a scroll of enchant armour
Potions
 d - a potion of might
 e - a potion of haste
 m - a potion of cancellation


   Skills:
 + Level 4.6 Fighting
 + Level 3.7 Long Blades
 + Level 4.9 Armour
 + Level 1.2 Dodging
 + Level 4.3 Shields


You had 4 spell levels left.
You didn't know any spells.
Your spell library was empty.

Dungeon Overview and Level Annotations

Branches:
Dungeon (4/15)
 Temple: D:4-7

Altars:
Trog
Yredelemnul

Shops:
D:2 ![:


Innate Abilities, Weirdness & Mutations

You have a pair of horns on your head.
You reflexively headbutt those who attack you in melee.


Message History

The orc priest is heavily wounded.
The kobold hits you but does no damage.
The orc priest hits you with a +1 mace of protection!
* * * LOW HITPOINT WARNING * * *
Something hits you but does no damage.
Unknown command.
You hit the orc priest but do no damage.
The orc priest is heavily wounded.
The kobold hits you with a +0 short sword.
* * * LOW HITPOINT WARNING * * *
The orc priest hits you with a +1 mace of protection.
* * * LOW HITPOINT WARNING * * *
Something hits you but does no damage.
You barely miss the orc priest. You headbutt the orc priest!
You kill the orc priest!
The kobold barely misses you.
You hear some strange, mumbled words.
Something tries to affect you, but you resist.
The kobold hits you with a +0 short sword.
* * * LOW HITPOINT WARNING * * *
You have reached level 5!
The kobold attacks as it pursues you!
The kobold hits you with a +0 short sword.
* * * LOW HITPOINT WARNING * * *
The kobold attacks as it pursues you! The kobold barely misses you.
You furiously retaliate!
You headbutt the kobold!
You kill the kobold!
Okay, then.
You aren't carrying any items that you can evoke.
You see here a +0 short sword.
You barely miss something. Something hits you.
* * * LOW HITPOINT WARNING * * *
Something hits you but does no damage.
You hit something. You headbutt something.
Something hits you but does no damage.
You miss something. Something hits you but does no damage.
You miss something. Something hits you but does no damage.
You barely miss something. Your headbutt misses something.
Something hits you but does no damage. Something hits you.
You die...

.#.########.........# #.#
.......# #.........######.###
...)...# #.........#........#
.......# #.........#........#
.......# #..._.....#........#
.......# ###...+##........###
...#.##### ####.##........#
..)#.....# #.##........#
...#####.#######@##........# ...#
#......##{#######..##
...######........# #.## ......#
#.###...## #.########
'#....###.#.....## ####.........
.#....')).#.##...####............
.##...#####.##.#..)##.##.........
.##...# #..#.###.##.##.........
.###### ##.#...)>...###########


There were no monsters in sight!

Vanquished Creatures
  An orc priest (D:3)
  Natasha (D:3)
  Robin (D:3)
  An adder (D:3)
  3 ribbon worms (D:3)
  6 orcs (D:3)
  4 ball pythons
  4 bats
  4 endoplasms
  2 giant cockroaches (D:1)
  12 goblins
  8 hobgoblins
  A quokka (D:1)
  3 frilled lizards
  6 kobolds
  7 rats
64 creatures vanquished.

Notes
Turn   | Place    | Note
-------+----------+-------------------------------------------
     0 | D:1      | Peloso the Minotaur Fighter began the quest for the Orb.
     0 | D:1      | Reached XP level 1. HP: 19/19 MP: 0/0
   150 | D:1      | Reached XP level 2. HP: 22/27 MP: 1/1
   796 | D:2      | Reached XP level 3. HP: 27/33 MP: 2/2
   969 | D:2      | Found a basalt altar of Yredelemnul.
   976 | D:2      | Found Cinycicw's Armour Boutique.
   978 | D:2      | Found Tabal's Distillery.
  1021 | D:2      | Found Opsapax's Book Boutique.
  1587 | D:3      | Noticed Robin
  1594 | D:3      | Killed Robin
  1720 | D:3      | Reached XP level 4. HP: 40/40 MP: 3/3
  1747 | D:3      | Found a bloodstained altar of Trog.
  1895 | D:3      | Reached skill level 1 in Dodging
  2103 | D:3      | Noticed Natasha
  2111 | D:3      | Killed Natasha
  2734 | D:3      | Reached XP level 5. HP: 4/47 MP: 4/4
  2743 | D:3      | HP: 2/47 [something (2)]
  2747 | D:3      | Slain by an orc wizard

Illustrated notes

Levels and vault maps discovered:
D:1:      minmay_arrival_plants_in_alcoves, layout_loops_ring
D:2:      layout_basic, serial_shops, nicolae_shop_stone, shop,
          nicolae_shop_hallway_plus, basic_altar
D:3:      layout_basic, bloody_trog, minmay_liquid_box, uniq_natasha, uniq_robin
D:4:      layout_cave_pools, lemuel_crystal_altar, serial_park,
          serial_park_square2, serial_park_square2

Skill      XL: |  1  2  3  4 |
---------------+-------------+-----
Armour         | 4 |  4.9
Shields        | 4 |  4.3
Fighting       | 4 |  4.6
Long Blades    | 3 |  3.7
Dodging        | 1 |  1.2

Action                     |  1- 3 |  4- 6 || total
---------------------------+-------+-------++-------
  Melee: Long sword        |    83 |    73 ||   156
         Headbutt          |    12 |     9 ||    21
    Use: Scroll            |     1 |     4 ||     5
         Potion            |       |     4 ||     4
 Armour: Scale mail        |    74 |    90 ||   164
  Dodge: Dodged            |    40 |    44 ||    84
  Block: Buckler           |    23 |    26 ||    49
